 Dungeon Crawl Stone Soup version 0.18.1-48-g4cf74bf (webtiles) character file.

5413 Joat the Martial Artist (level 10, 0/58 HPs)
             Began as an Octopode Monk on Aug 9, 2016.
             Was a Priest of Sif Muna.
             Slain by a spiny frog (2 damage)
             ... on level 1 of the Lair of Beasts.
             The game lasted 00:51:28 (9375 turns).

Joat the Martial Artist (Octopode Monk)             Turns: 9375, Time: 00:51:29

Health: 0/58       AC:  3    Str: 13 (14) XL:     10   Next: 67%
Magic:  0/17       EV: 16    Int:  9 (10) God:    Sif Muna [***...]
Gold:   198        SH:  0    Dex: 13 (15) Spells: 0 memorised, 21 levels left

rFire  . . .     SeeInvis .       - Unarmed
rCold  . . .     Gourm    .     (no shield)
rNeg   + . .     Faith    .     (helmet restricted)
rPois  .         Spirit   +     p - amulet of guardian spirit
rElec  .         Dismiss  .     j - +4 ring of slaying
rCorr  .         Reflect  .     f - ring of positive energy
SustAt .         Harm     .     (no ring)
MR     .....                    (no ring)
Stlth  +++.......               (no ring)
                                (no ring)
                                (no ring)
                                (no ring)

@: lethally poisoned (0 -> -11), not resistant to hostile enchantments, fairly
stealthy
A: almost no armour, amphibious, 8 rings, constrict 8, slimy green scales 1,
camouflage 1, clumsy 1, deterioration 2, dopey 1, frail 2, low mp 1, slow
regeneration 1, strong 1, gelatinous body 1
a: Channel Energy, Renounce Religion


You were on level 1 of the Lair of Beasts.
You worshipped Sif Muna.
Sif Muna was most pleased with you.
You were not hungry.

You visited 2 branches of the dungeon, and saw 9 of its levels.

You collected 428 gold pieces.
You spent 230 gold pieces at shops.

Inventory:

Missiles
 h - a throwing net
 u - 3 exploding tomahawks (quivered)
Magical Staves
 y - an uncursed staff of power
Jewellery
 e - an uncursed ring of fire
 f - a ring of positive energy (right tentacle)
 j - a +4 ring of slaying (left tentacle)
 p - an amulet of guardian spirit (around mantle)
Wands
 l - a wand of flame (20/48)
 t - a wand of paralysis (24/24)
 B - a wand of digging (5/24)
Scrolls
 d - 8 scrolls of identify
 i - 2 scrolls of immolation
 m - 2 scrolls of blinking
 q - a scroll of noise
 s - 2 scrolls of magic mapping
 v - 4 scrolls of remove curse
 A - a scroll of amnesia
 C - 2 scrolls of teleportation
Potions
 b - 4 potions of curing
 x - 4 potions of heal wounds
Comestibles
 a - 11 bread rations
 g - 8 meat rations
 k - 2 royal jellies
 w - 7 beef jerkies


   Skills:
 + Level 8.8 Fighting
 + Level 8.3 Dodging
 - Level 2.6 Stealth
 + Level 9.2 Unarmed Combat
 + Level 6.2 Spellcasting
 - Level 0.4 Invocations


You had 21 spell levels left.
You didn't know any spells.

Dungeon Overview and Level Annotations

Branches:
Dungeon (8/15)             Temple (0/1) D:7            Lair (1/8) D:8

Altars:
Cheibriados
Elyvilon
Ru
Sif Muna
Yredelemnul
The Shining One

Shops:
D:5 *   D:6 (!(!


Innate Abilities, Weirdness & Mutations

You cannot wear most types of armour.
You are amphibious.
You can wear up to eight rings at the same time.
You can use your tentacles to constrict eight enemies at once.
Your skin changes colour to match your surroundings (Stealth).
Your rubbery body absorbs attacks (AC +1).
You are partially covered in slimy green scales (AC +2).
You are clumsy. (Dex -2)
Your body often deteriorates upon taking damage.
You are dopey. (Int -2)
You are very frail (-20% HP).
Your magical capacity is low (-10% MP).
You regenerate slowly when monsters are visible.
Your muscles are strong. (Str +2)


Message History

You constrict the spiny frog.
You feel sick. The spiny frog stings you!
* * * LOW HITPOINT WARNING * * *
Your body deteriorates!
You feel weakened. The river rat barely misses you.
You tentacle-slap the spiny frog.
The spiny frog is moderately wounded.
You constrict the spiny frog.
* * * LOW HITPOINT WARNING * * *
You feel sick. The spiny frog misses you. The river rat closely misses you.
You tentacle-slap the spiny frog but do no damage.
The spiny frog is heavily wounded.
You constrict the spiny frog, but do no damage.
The spiny frog closely misses you. The river rat bites you.
* * * LOW HITPOINT WARNING * * *
You tentacle-slap the spiny frog but do no damage.
The spiny frog is heavily wounded.
You constrict the spiny frog.
* * * LOW HITPOINT WARNING * * *
You feel sick. The spiny frog stings you.
You die...

#.# ..# ..# #..
..# ##.# ..#
..##..# #..#..#
#<.#).#
...#.#..#r.#####
.......†.@Fr....#
##.P#######.##..#
# #


You could see a spiny frog and 2 river rats.

Vanquished Creatures
  Pikel (D:5)
  A two-headed ogre (D:8)
  Edmund (D:5)
  Grinder (D:5)
  The ghost of Joat the Insei, an amateur OpTm (D:5)
  A yak (D:8)
  2 wyverns (D:8)
  A hippogriff (D:8)
  The ghost of Joat the Shield-Bearer, an amateur OpTm (D:3)
  Menkaure (D:5)
  An ice beast (D:5)
  6 sky beasts
  2 orc warriors
  A black bear (D:8)
  2 slaves (D:5)
  3 ogres
  2 centaurs
  2 big kobolds
  6 giant frogs
  2 scorpions
  5 wights (D:8)
  4 howler monkeys
  4 crimson imps
  4 orc priests
  A hound (D:8)
  2 centaur skeletons
  A giant frog skeleton (D:4)
  A jelly (D:8)
  2 iguanas
  11 orc wizards
  A worker ant (D:4)
  A hound skeleton (D:7)
  2 worker ant zombies
  A howler monkey zombie (D:5)
  5 adders
  A howler monkey skeleton (D:3)
  8 river rats (Lair:1)
  A shadow imp (D:5)
  A white imp (D:4)
  2 oozes
  An adder zombie (D:5)
  An adder skeleton (D:5)
  A worm (D:4)
  4 dart slugs
  2 giant geckos
  43 orcs
  A ball python (D:6)
  10 giant cockroaches
  6 goblins
  11 hobgoblins
  13 jackals
  4 quokkas
  A ball python zombie (D:1)
  9 bats
  A giant cockroach zombie (D:1)
  2 giant gecko skeletons
  4 giant newts
  A jackal zombie (D:8)
  16 kobolds
  11 rats
  A spectral orc (D:3)
239 creatures vanquished.

Vanquished Creatures (others)
  A slave (D:5)
  2 quokkas (D:5)
3 creatures vanquished.

Grand Total: 242 creatures vanquished

Notes
Turn   | Place    | Note
--------------------------------------------------------------
     0 | D:1      | Joat the Octopode Monk began the quest for the Orb.
     0 | D:1      | Reached XP level 1. HP: 16/16 MP: 1/1
   115 | D:1      | Reached XP level 2. HP: 8/21 MP: 2/2
   622 | D:1      | Reached XP level 3. HP: 21/26 MP: 3/3
  1409 | D:2      | Reached XP level 4. HP: 22/33 MP: 4/4
  1769 | D:3      | Noticed Joat's ghost (amateur OpTm)
  1792 | D:3      | Killed Joat's ghost
  1792 | D:3      | Reached skill level 5 in Unarmed Combat
  1792 | D:3      | Reached XP level 5. HP: 7/38 MP: 5/5
  2129 | D:3      | Found a basalt altar of Yredelemnul.
  2322 | D:3      | Found a faded altar to an unknown god.
  2368 | D:3      | Reached XP level 6. HP: 43/44 MP: 6/6
  3215 | D:4      | Reached skill level 5 in Fighting
  3336 | D:4      | Reached XP level 7. HP: 50/50 MP: 7/7
  3448 | D:4      | Found a deep blue altar of Sif Muna.
  3460 | D:4      | Became a worshipper of Sif Muna the Loreminder
  3460 | D:4      | Reached * piety under Sif Muna
  3460 | D:4      | Reached ** piety under Sif Muna
  3712 | D:5      | Entered Level 5 of the Dungeon
  3720 | D:5      | Reached skill level 5 in Dodging
  4029 | D:5      | Found Ykkiurepu's General Store.
  4034 | D:5      | Reached skill level 6 in Unarmed Combat
  4062 | D:5      | Reached skill level 1 in Spellcasting
  4263 | D:5      | Noticed Grinder
  4272 | D:5      | Killed Grinder
  4272 | D:5      | Reached XP level 8. HP: 57/57 MP: 9/11
  4451 | D:5      | Noticed Pikel
  4463 | D:5      | Killed Pikel
  4463 | D:5      | Reached skill level 7 in Unarmed Combat
  4514 | D:5      | Noticed Edmund
  4544 | D:4      | Reached XP level 9. HP: 18/63 MP: 3/14
  4548 | D:4      | Gained mutation: Your body sometimes deteriorates upon taking damage. [mutagenic meat]
  4549 | D:4      | Gained mutation: Your body often deteriorates upon taking damage. [mutagenic meat]
  4550 | D:4      | Gained mutation: You are clumsy. (Dex -2) [mutagenic meat]
  4880 | D:5      | Gained mutation: You are dopey. (Int -2) [potion of mutation]
  4880 | D:5      | Gained mutation: You are frail (-10% HP). [potion of mutation]
  4880 | D:5      | Gained mutation: Your muscles are strong. (Str +2) [potion of mutation]
  4883 | D:5      | Noticed Joat's ghost (amateur OpTm)
  4901 | D:5      | Killed Joat's ghost
  5073 | D:5      | Killed Edmund
  5436 | D:5      | Found a sacrificial altar of Ru.
  5490 | D:5      | Noticed Menkaure
  5497 | D:5      | Killed Menkaure
  6370 | D:6      | Found Yzxetuah's Weapon Shoppe.
  6450 | D:6      | Reached skill level 8 in Unarmed Combat
  6758 | D:6      | Found Qaujeyv's Distillery.
  6766 | D:6      | Bought a potion of curing for 45 gold pieces
  6766 | D:6      | Bought a potion of curing for 45 gold pieces
  6767 | D:6      | Found Awaceuwk's Weapon Shoppe.
  6785 | D:6      | Gained mutation: You are partially covered in slimy green scales (AC +2). [mutagenic meat]
  6794 | D:6      | Gained mutation: You regenerate slowly when monsters are visible. [mutagenic meat]
  6866 | D:6      | Found Nypimnuj's Distillery.
  6876 | D:6      | Bought a potion of heal wounds for 70 gold pieces
  6876 | D:6      | Bought a potion of heal wounds for 70 gold pieces
  7082 | D:7      | Found a glowing golden altar of the Shining One.
  7108 | D:7      | Found a white marble altar of Elyvilon.
  7137 | D:7      | Found a snail-covered altar of Cheibriados.
  7184 | D:7      | Reached skill level 5 in Spellcasting
  7403 | D:7      | Reached XP level 10. HP: 64/64 MP: 17/17
  7519 | D:7      | Found a staircase to the Ecumenical Temple.
  7857 | D:8      | Gained mutation: Your magical capacity is low (-10% MP). [mutagenic meat]
  7860 | D:8      | Gained mutation: You are very frail (-20% HP). [mutagenic meat]
  7933 | D:8      | Reached *** piety under Sif Muna
  8128 | D:8      | Found a staircase to the Lair.
  8612 | D:8      | Reached skill level 9 in Unarmed Combat
  9348 | Lair:1   | Entered Level 1 of the Lair of Beasts
  9355 | Lair:1   | Noticed a spiny frog
  9375 | Lair:1   | HP: 2/58 [poisoned by a spiny frog]
  9375 | Lair:1   | Slain by a spiny frog

Skill      XL: |  1  2  3  4  5  6  7  8  9 10 |
---------------+-------------------------------+-----
Fighting       | 4 5 6 8 |  8.8
Dodging        | 4 5 6 7 8 |  8.3
Unarmed Combat | 5 6 7 8 9 |  9.2
Spellcasting   | 2 3 5 6 |  6.2
Stealth        | |  2.6
Invocations    | |  0.4

Action                   |  1- 3 |  4- 6 |  7- 9 | 10-12 || total
-------------------------+-------+-------+-------+-------++-------
Melee: Unarmed           |    83 |   104 |   212 |   153 ||   552
       Constrict         |    23 |    29 |    45 |    32 ||   129
       Tentacles         |    12 |    18 |    47 |    28 ||   105
       Punch             |     1 |     4 |     6 |     9 ||    20
Evoke: Wand              |       |       |     1 |       ||     1
  Use: Scroll            |       |       |    12 |     3 ||    15
       Potion            |       |       |     4 |       ||     4
 Stab: Sleeping          |     9 |    10 |    10 |     9 ||    38
       Distracted        |       |     2 |       |     2 ||     4
       Paralysed         |       |       |     1 |       ||     1
  Eat: Chunk             |     2 |     4 |    18 |    12 ||    36
       Bread ration      |       |     1 |       |       ||     1
Armor: Skin              |     3 |     5 |    11 |     7 ||    26
Dodge: Dodged            |    38 |    40 |   122 |    92 ||   292
